 Dungeon Crawl Stone Soup version 0.29.1-2-gbd0b4ee654 (webtiles) character file.

Game seed: 18147901692021294633

1301 hawla the Chiller (level 9, -14/63 HPs)
             Began as a Meteoran Ice Elementalist on Oct 31, 2022.
             Demolished by Duvessa
             ... wielding a +0 short sword
              (16 damage)
             ... on level 6 of the Dungeon.
             The game lasted 00:13:12 (2454 turns).

hawla the Chiller (Meteoran Ice Elementalist)       Turns: 2454, Time: 00:13:13

Health: -14/63     AC:  5    Str:  9    XL:     9   Next: 12%
Magic:  2/19       EV: 14    Int: 22    God:
Gold:   204        SH:  5    Dex: 21    Spells: 9/21 levels left

rFire   . . .      SeeInvis .   (no weapon)
rCold   . . .      Faith    .   (no shield)
rNeg    . . .      Spirit   .   s - +0 steam dragon scales
rPois   .          Reflect  +   (no helmet)
rElec   .          Harm     .   (no cloak)
rCorr   .          Rampage  .   (no gloves)
Will    +....                   (no boots)
Stlth   +.........              g - amulet of reflection
HPRegen 0.20/turn               r - +6 ring of dexterity
MPRegen 0.16/turn               (no ring)

@: glowing, invisible (but backlit and visible)
A: sense surroundings 2, otherworldly, glowing, explore regen
a: no special abilities


You were on level 6 of the Dungeon.
You visited 1 branch of the dungeon, and saw 6 of its levels.
You also visited: Sewer.

You collected 204 gold pieces.

Inventory:

Armour
 s - +0 steam dragon scales (worn)
Jewellery
 g - an amulet of reflection (around neck)
 k - an amulet of the acrobat
 r - a +6 ring of dexterity (left hand)
Wands
 h - a wand of iceblast (5)
 n - a wand of flame (38)
Scrolls
 a - 3 scrolls of identify
 c - a scroll of immolation
 i - 4 scrolls of fear
 j - a scroll of torment
 o - a scroll of butterflies
 q - a scroll of amnesia
Potions
 b - a potion of magic
 d - 3 potions of degeneration {unknown}
 e - a potion of resistance
 l - 2 potions of invisibility
 m - a potion of flight
 p - a potion of berserk rage {unknown}


   Skills:
 - Level 0.5 Fighting
 - Level 3.2 Dodging
 - Level 1.4 Stealth
 - Level 6.5 Spellcasting
 - Level 6.0 Conjurations
 + Level 3.1 Fire Magic
 - Level 7.8 Ice Magic
 - Level 2.0 Evocations


You had 9 spell levels left.
You knew the following spells:

 Your Spells              Type           Power      Damage    Failure   Level
a - Freeze                Ice            100%       1d11      1%          1
b - Frozen Ramparts       Ice            82%        1d13      1%          3
c - Hailstorm             Conj/Ice       37%        3d9       4%          4
d - Flame Wave            Conj/Fire      27%        2d9       13%         4

Your spell library contained the following spells:

 Spells                   Type           Power      Damage    Failure   Level
 Foxfire                  Conj/Fire      100%       2x1d9     1%          1
 Ozocubu's Armour         Ice            41%        N/A       1%          3
 Conjure Flame            Conj/Fire      27%        6-21      4%          3
 Sublimation of Blood     Necr           7%         N/A       13%         2
 Inner Flame              Hex/Fire       14%        N/A       14%         3
 Metabolic Englaciation   Hex/Ice        12%        N/A       43%         5
 Irradiate                Conj/Tmut      10%        3d15      56%         5
 Petrify                  Tmut/Erth      7%         N/A       65%         4
 Statue Form              Tmut/Erth      4%         N/A       100%        6


Dungeon Overview and Level Annotations

Branches:
Dungeon (6/15) Zot: 1263   Temple (0/1) D:6           Sewer (visited)

Altars:
Kikubaaqudgha

Annotations:
D:2 Terence
D:6 Duvessa


Innate Abilities, Weirdness & Mutations

You passively map the area around you.
You are easily found by Zot.
You glow in the dark.
You regain HP and MP as you explore.


Message History

Press: ? - help, Shift-Dir - straight line, f/p - Duvessa
Aim: Duvessa, wielding a +0 short sword and wearing a +0 scale mail (severely wounded, berserk, fast, 79% to hit)
The puff of flame hits Duvessa but does no damage.
Duvessa is severely wounded.
The wall freezes Duvessa but does no damage.
Duvessa hits you with a +0 short sword.
Aiming: Throw Flame
Press: ? - help, Shift-Dir - straight line, f/p - Duvessa
Aim: Duvessa, wielding a +0 short sword and wearing a +0 scale mail (heavily wounded, berserk, fast, 79% to hit)
The puff of flame hits Duvessa but does no damage.
Duvessa is heavily wounded.
The wall freezes Duvessa but does no damage.
Duvessa hits you with a +0 short sword!
* * * LOW HITPOINT WARNING * * *
The wall freezes Duvessa.
You block Duvessa's attack.
You feel better.
The wall freezes Duvessa.
Duvessa hits you with a +0 short sword!
* * * LOW HITPOINT WARNING * * *
Aiming: Iceblast
Press: ? - help, Shift-Dir - straight line, p - Duvessa
Okay, then.
Aiming: Throw Flame
Press: ? - help, Shift-Dir - straight line, f/p - Duvessa
Aim: Duvessa, wielding a +0 short sword and wearing a +0 scale mail (severely wounded, berserk, fast, 79% to hit)
The puff of flame hits Duvessa.
Duvessa is severely wounded.
The wall freezes Duvessa.
Duvessa misses you.
The wall freezes Duvessa.
Duvessa hits you with a +0 short sword.
* * * LOW HITPOINT WARNING * * *
Aiming: Throw Flame
Press: ? - help, Shift-Dir - straight line, f/p - Duvessa
Aim: Duvessa, wielding a +0 short sword and wearing a +0 scale mail (almost dead, berserk, fast, 79% to hit)
The puff of flame hits Duvessa but does no damage.
Duvessa is almost dead.
The frozen ramparts melt away.
Duvessa hits you with a +0 short sword!
* * * LOW HITPOINT WARNING * * *
It was a potion of invisibility.
You become transparent, but the glow from your body prevents you from becoming completely invisible.
Duvessa hits you with a +0 short sword!
You die...

......#.########.#
....###.# * ... ,
....###.# ##
*........####### *
....##........., ,
## ##.####...,
#,####.# * ,
#.#....# * ,
#..@#### , ##.e# ,
#<)# , * #..# , *,
#..# * , ..>. ,< ,
*..<. , , * **,
#.... , , ,


You could see Duvessa (berserk, fast).

Vanquished Creatures
  Sigmund (D:3)
  A steam dragon (D:6)
  A water moccasin (Sewer)
  3 ogres
  A scorpion (D:5)
  Dowan (D:6)
  A howler monkey (D:4)
  2 jellies (D:5)
  4 orc priests
  2 hounds
  An iguana (D:4)
  2 orc wizards (D:5)
  7 gnolls
  6 adders
  2 white imps
  An ufetubus (D:5)
  2 worms
  A dart slug (D:4)
  11 orcs
  4 endoplasms
  7 giant cockroaches
  11 goblins
  6 hobgoblins
  4 jackals (Sewer)
  3 quokkas
  3 ball pythons
  A bat (D:1)
  A frilled lizard (D:1)
  3 kobolds
  2 rats
95 creatures vanquished.

Notes
Turn   | Place    | Note
-------+----------+-------------------------------------------
     0 | D:1      | hawla the Meteoran Ice Elementalist began the quest for the
                  | Orb.
     0 | D:1      | Reached XP level 1. HP: 14/14 MP: 5/5
   197 | D:1      | Reached XP level 2. HP: 20/20 MP: 3/6
   241 | D:1      | Found a faded altar of an unknown god.
   500 | D:1      | Glimpsed the power of Zot.
   550 | D:1      | Glimpsed the power of Zot.
   568 | D:2      | Noticed Terence
   721 | D:3      | Reached XP level 3. HP: 26/26 MP: 4/8
   728 | D:3      | Learned a level 3 spell: Frozen Ramparts
   764 | D:3      | Reached skill level 5 in Ice Magic
   898 | D:3      | Noticed Sigmund
   907 | D:3      | Reached XP level 4. HP: 17/33 MP: 3/10
   917 | D:3      | Killed Sigmund
   918 | D:3      | Reached skill level 5 in Spellcasting
   918 | D:3      | Reached skill level 6 in Ice Magic
   918 | D:3      | Reached XP level 5. HP: 38/38 MP: 1/13
   918 | D:3      | Reached XP level 6. HP: 45/45 MP: 1/14
   923 | D:3      | Learned a level 4 spell: Hailstorm
  1286 | D:4      | Noticed an ogre
  1294 | D:4      | Killed an ogre
  1332 | D:4      | Reached skill level 1 in Conjurations
  1332 | D:4      | Reached skill level 7 in Ice Magic
  1332 | D:4      | Reached XP level 7. HP: 47/50 MP: 7/15
  1587 | D:4      | Found a glowing drain.
  1605 | Sewer    | Entered a sewer
  1637 | Sewer    | Noticed a water moccasin
  1642 | Sewer    | Killed a water moccasin
  1643 | Sewer    | Reached XP level 8. HP: 58/58 MP: 9/17
  1814 | D:4      | Reached skill level 5 in Conjurations
  2020 | D:5      | Entered Level 5 of the Dungeon
  2124 | D:5      | Identified the +2 leather armour of Esetuss {rN+}
  2244 | D:5      | Learned a level 4 spell: Flame Wave
  2327 | D:5      | Found an ancient bone altar of Kikubaaqudgha.
  2403 | D:6      | Noticed a steam dragon
  2409 | D:6      | Killed a steam dragon
  2410 | D:6      | Reached skill level 1 in Fire Magic
  2410 | D:6      | Gained mutation: You passively map the area around you.
                  | [Meteoran growth]
  2410 | D:6      | Reached XP level 9. HP: 46/63 MP: 4/19
  2440 | D:6      | Noticed Duvessa
  2440 | D:6      | Noticed Dowan
  2445 | D:6      | Killed Dowan
  2453 | D:6      | HP: 2/63 [Duvessa/+0 short sword (11)]
  2454 | D:6      | Demolished by Duvessa

Illustrated notes

Levels and vault maps discovered:
D:1:      heliophobic_arrival_henge, layout_loops_cross,
          shapermc_ecumenical_altar_flowoftime, dreamdust_princess_bridge,
          kennysheep_small_spiral, dk_noncrumbling_2
D:2:      minmay_recursive_quarters, layout_loops_corners,
          minmay_strange_pillars, st_stairs_9, uniq_terence
D:3:      layout_rooms, uniq_sigmund
D:4:      layout_cave_pools, gup_sewer_entry_glass, kennysheep_crisscross,
          serial_park_tiny_2, minmay_goblin_outpost
D:5:      layout_rooms, kiku_gazebo_garden_becter
D:6:      layout_rooms, mainiacjoe_overflow_alcove_1, minmay_temple_entry_ruins,
          serial_shops, nicolae_diamond_shop, uniq_duvessa

Skill      XL: |  1  2  3  4  5  6  7  8  9 |
---------------+----------------------------+-----
Spellcasting   | 3 5 6 |  6.5
Ice Magic      | 5 6 7 |  7.8
Conjurations   | 1 4 6 |  6.0
Evocations     | 2 |  2.0
Dodging        | 3 |  3.2
Fire Magic     | 1 3 |  3.1
Fighting       | |  0.5
Stealth        | |  1.4

Action                   |  1- 3 |  4- 6 |  7- 9 || total
-------------------------+-------+-------+-------++-------
Melee: Unarmed           |     3 |       |     7 ||    10
 Cast: Freeze            |    33 |    10 |    24 ||    67
       Frozen Ramparts   |     5 |     3 |    15 ||    23
       Hailstorm         |       |       |    35 ||    35
Evoke: Wand              |       |       |     4 ||     4
  Use: Scroll            |     6 |     3 |     4 ||    13
       Potion            |       |     2 |     3 ||     5
Armor: Robe              |     3 |     3 |     7 ||    13
Dodge: Dodged            |    17 |     4 |    25 ||    46
Block: Other             |       |     3 |    16 ||    19
       Reflection        |       |       |     1 ||     1
